AoeStats
← Eugenius

Black Forest

508506689Analyzed
4v4 RM · 9d ago on Sep 22, 2026· 30m 26s· 8 players
Game mode
Random Map
Map size
Large (8 player)
Population
200
Speed
Normal
Resources
Standard
Victory
Conquest
Starting age
Dark Age
Ending age
Imperial Age
RankedLock teamsTeams togetherTeam positionsShared explorationLock speedFull tech treeHidden civsTurbo modeCheats
Victory
Defeat
🇺🇸 Italians · United States
1774
+12
🇵🇪 Ethiopians · Peru
1669
+16
1646
+17
🇲🇽 Gurjaras · Mexico
1638
+18
🇭🇰 Bengalis · Hong Kong SAR China
1770
-19
🇪🇸 Mongols · Spain
1751
-19
🇺🇸 Teutons · United States
1630
-14
🇲🇽 Khmer · Mexico
1561
-11
Benedict Cucumberpatch
11:33 Feudal Age
15:08 Castle Age
12:52 Horse Collar
14:05 Double-Bit Axe
18:08 Bow Saw
18:37 Heavy Plow
21:59 Wheelbarrow
21:11 Loom
26:40 Fletching
26:50 Padded Archer Armor
thefacelessz12
0:46 Loom
12:32 Feudal Age
16:22 Castle Age
14:54 Double-Bit Axe
17:54 Town Watch
19:16 Fishing Lines
MariaPita
10:10 Feudal Age
14:10 Castle Age
12:00 Double-Bit Axe
13:25 Fishing Lines
15:01 Bow Saw
16:55 Gillnets
17:04 Loom
20:44 Wheelbarrow
20:52 Gold Mining
22:09 Hand Cart
23:33 Stone Mining
24:45 Town Watch
25:48 Stone Shaft Mining
25:49 Gold Shaft Mining
28:28 Imperial Age
26:22 Fletching
26:54 Ballistics
27:25 Bodkin Arrow
29:20 Bracer
30:33 Masonry
31:24 Chemistry
Hui
1:02 Loom
11:20 Feudal Age
15:58 Castle Age
14:15 Double-Bit Axe
14:10 Horse Collar
16:03 Town Watch
16:54 Bow Saw
20:53 Sanctity
20:37 Fishing Lines
22:14 Redemption
24:44 Gillnets
27:48 Wheelbarrow
32:48 Imperial Age
§Y¶# Ä
1:24 Loom
9:39 Feudal Age
16:19 Castle Age
19:58 Redemption
26:51 Horse Collar
quesarito
0:27 Loom
11:51 Feudal Age
12:20 Double-Bit Axe
16:48 Fletching
18:49 Padded Archer Armor
23:20 Castle Age
22:06 Horse Collar
23:59 Bodkin Arrow
24:10 Thumb Ring
23:26 Crossbowman
24:26 Heavy Plow
27:03 Wheelbarrow
26:47 Bow Saw
27:00 Ballistics
29:31 Leather Archer Armor
30:59 Hand Cart
Eugenius
9:21 Feudal Age
10:36 Fletching
21:18 Castle Age
24:25 Loom
26:34 Crossbowman
28:17 Bodkin Arrow
28:44 Padded Archer Armor
31:14 Wheelbarrow
CTM | חב"ד ליובאוויט
9:52 Loom
12:40 Feudal Age
21:21 Castle Age
20:20 Bloodlines
20:25 Scale Barding Armor
20:34 Gold Mining
20:50 Fishing Lines
21:31 Forging
21:27 Light Cavalry
23:59 Husbandry
26:23 Chain Barding Armor
26:14 Forging
26:41 Horse Collar
28:35 Fervor
Connection lost

Rejoining the realm…

Still unreachable

The connection could not be restored.

Session expired

The server has moved on; the page needs a fresh start.